 Dungeon Crawl Stone Soup version 0.29.1-12-g30fa7ad0bf (webtiles) character file.

Game seed: 1428286893839527440

198 mopl the Ducker (level 5, -2/47 HPs)
             Began as a Gnoll Monk on Dec 27, 2022.
             Was a Priest of Qazlal.
             Slain by a worm (5 damage)
             ... on level 3 of the Dungeon.
             The game lasted 00:03:47 (1872 turns).

mopl the Ducker (Gnoll Monk)                        Turns: 1872, Time: 00:03:47

Health: -2/47      AC:  5    Str: 12    XL:     5   Next: 76%
Magic:  4/7        EV: 13    Int:  9    God:    Qazlal [***...]
Gold:   112        SH:  4    Dex: 15    Spells: 7/7 levels left

rFire   . . .      SeeInvis .   f - +0 quarterstaff
rCold   . . .      Faith    .   (shield currently unavailable)
rNeg    . . .      Spirit   .   b - +0 ring mail
rPois   .          Reflect  .   (no helmet)
rElec   .          Harm     .   (no cloak)
rCorr   .          Rampage  .   (no gloves)
Will    .....                   (no boots)
Stlth   ++........              (no amulet)
HPRegen 0.15/turn               (no ring)
MPRegen 0.10/turn               (no ring)

@: no status effects
A: fangs 1, strong nose, distributed training
a: Renounce Religion, Upheaval, Elemental Force


You were on level 3 of the Dungeon.
You worshipped Qazlal.
Qazlal was most pleased with you.
You visited 1 branch of the dungeon, and saw 3 of its levels.

You collected 112 gold pieces.

Inventory:

Hand Weapons
 a - a +0 mace
 f - a +0 quarterstaff (weapon)
Armour
 b - a +0 ring mail (worn)
Scrolls
 d - 2 scrolls of magic mapping {unknown}
 h - 3 scrolls of identify {unknown}
 i - a scroll of teleportation {unknown}
 k - a scroll of enchant armour {unknown}
 l - a scroll of acquirement {unknown}
 m - a scroll of torment {unknown}
Potions
 c - a potion of ambrosia
 e - a potion of degeneration {unknown}
 g - a potion of resistance {unknown}
 j - a potion of lignification {unknown}
 n - a potion of curing {unknown}


   Skills:
 + Level 6.7 Fighting
 + Level 1.7 Short Blades
 + Level 1.7 Long Blades
 + Level 1.7 Axes
 + Level 6.7 Maces & Flails
 + Level 1.7 Polearms
 + Level 1.7 Staves
 + Level 1.7 Ranged Weapons
 + Level 1.7 Throwing
 + Level 1.7 Armour
 + Level 6.7 Dodging
 + Level 4.5 Stealth
 + Level 1.7 Shields
 + Level 1.7 Unarmed Combat
 + Level 1.7 Spellcasting
 + Level 1.3 Conjurations
 + Level 1.3 Hexes
 + Level 1.3 Summonings
 + Level 1.3 Necromancy
 + Level 1.3 Translocations
 + Level 1.3 Transmutations
 + Level 1.3 Fire Magic
 + Level 1.3 Ice Magic
 + Level 1.3 Air Magic
 + Level 1.3 Earth Magic
 + Level 1.3 Poison Magic
 + Level 1.9 Invocations
 + Level 1.7 Evocations


You had 7 spell levels left.
You didn't know any spells.
Your spell library contained the following spells:

 Spells                   Type           Power      Damage    Failure   Level
 Ozocubu's Armour         Ice            3%         N/A       78%         3
 Ozocubu's Refrigeration  Ice            1%         4d7       100%        7


Dungeon Overview and Level Annotations

Branches:
Dungeon (3/15)

Altars:
Qazlal

Annotations:
D:3 Natasha


Innate Abilities, Weirdness & Mutations

You have very sharp teeth.
Your uncanny sense of smell can sniff out nearby items.
Your experience applies equally to all skills.


Message History

Ijyb is moderately wounded.
Ijyb hits you but does no damage.
You hit Ijyb.
Ijyb is heavily wounded.
You block Ijyb's attack.
Unknown command.
Unknown command.
Unknown command.
Unknown command.
Aiming: Upheaval
Press: ? - help, Dir - move target, f - worm
Aim: a worm Magma suddenly erupts from the ground!
The blast of magma engulfs the worm!
The worm is almost dead.
Ijyb hits you but does no damage.
Unknown command.
Unknown command.
You barely miss Ijyb.
Ijyb is heavily wounded.
You block Ijyb's attack.
You sock Ijyb!
Ijyb is almost dead.
Ijyb grins evilly.
Ijyb zaps a wand.
The puff of flame hits you.
* * * LOW HITPOINT WARNING * * *
Ijyb zaps a wand.
The puff of flame hits you!
* * * LOW HITPOINT WARNING * * *
You barely miss Ijyb.
Ijyb is almost dead.
Natasha, Servant of Life and Death comes into view.
She is carrying a wand of flame (8).
Ijyb misses you.
Natasha moves out of view.
You hit Ijyb.
You kill Ijyb!
Qazlal accepts your kill.
Unknown command.
You hit the worm but do no damage.
The worm is severely wounded.
The worm bites you.
You die...

~..#.....###..........#..#
..# ..
####..................###.#
# #.####.................#
#.# #.........#.#....## #.#
#.........#.......## #.#
###########..)..?..# #.#
##....#...#..# #.#
######..######.....#
##..@wh.## ...... #..######
∆...hg. #.## .5..( ...
....( ....# ∆ .....# ....#
...# ..#


You could see a worm and Natasha.

Vanquished Creatures
  A hound (D:3)
  Jessica (D:2)
  Ijyb (D:3)
  Natasha (D:3)
  3 gnolls
  2 dart slugs (D:2)
  5 ball pythons
  4 bats
  3 endoplasms
  A giant cockroach (D:3)
  5 goblins
  3 hobgoblins
  3 jackals (D:2)
  4 quokkas
  3 frilled lizards
  6 kobolds
  21 rats
67 creatures vanquished.

Vanquished Creatures (others)
  2 plants (D:3)
2 creatures vanquished.

Grand Total: 69 creatures vanquished

Notes
Turn   | Place    | Note
-------+----------+-------------------------------------------
     0 | D:1      | mopl the Gnoll Monk began the quest for the Orb.
     0 | D:1      | Reached XP level 1. HP: 23/23 MP: 1/1
   311 | D:1      | Reached XP level 2. HP: 29/29 MP: 2/2
   546 | D:2      | Noticed Jessica
   558 | D:2      | Killed Jessica
   559 | D:2      | Reached skill level 1 in Invocations
   559 | D:2      | Reached XP level 3. HP: 27/35 MP: 2/4
   586 | D:2      | Reached skill level 1 in Short Blades
   586 | D:2      | Reached skill level 1 in Long Blades
   586 | D:2      | Reached skill level 1 in Axes
   586 | D:2      | Reached skill level 1 in Polearms
   586 | D:2      | Reached skill level 1 in Staves
   586 | D:2      | Reached skill level 1 in Ranged Weapons
   586 | D:2      | Reached skill level 1 in Throwing
   586 | D:2      | Reached skill level 1 in Armour
   586 | D:2      | Reached skill level 1 in Shields
   586 | D:2      | Reached skill level 1 in Unarmed Combat
   586 | D:2      | Reached skill level 1 in Spellcasting
   586 | D:2      | Reached skill level 1 in Evocations
   665 | D:1      | Reached XP level 4. HP: 13/41 MP: 5/5
   960 | D:2      | Reached skill level 1 in Conjurations
   960 | D:2      | Reached skill level 1 in Hexes
   960 | D:2      | Reached skill level 1 in Summonings
   960 | D:2      | Reached skill level 1 in Necromancy
   960 | D:2      | Reached skill level 1 in Translocations
   960 | D:2      | Reached skill level 1 in Transmutations
   960 | D:2      | Reached skill level 1 in Fire Magic
   960 | D:2      | Reached skill level 1 in Ice Magic
   960 | D:2      | Reached skill level 1 in Air Magic
   960 | D:2      | Reached skill level 1 in Earth Magic
   960 | D:2      | Reached skill level 1 in Poison Magic
  1119 | D:2      | Found a faded altar of an unknown god.
  1147 | D:2      | Prayed at the altar of an unknown god.
  1147 | D:2      | Became a worshipper of Qazlal Stormbringer
  1147 | D:2      | Reached * piety under Qazlal
  1147 | D:2      | Reached ** piety under Qazlal
  1220 | D:2      | Reached *** piety under Qazlal
  1765 | D:3      | Reached XP level 5. HP: 42/47 MP: 7/7
  1827 | D:3      | Noticed Natasha
  1828 | D:3      | Noticed Ijyb
  1861 | D:3      | Killed Natasha
  1869 | D:3      | HP: 2/47 [Ijyb/puff of flame (7)]
  1870 | D:3      | Noticed Natasha
  1871 | D:3      | Killed Ijyb
  1872 | D:3      | Slain by a worm

Illustrated notes

Levels and vault maps discovered:
D:1:      saegor_arrival_miasma, layout_basic
D:2:      layout_basic, ebering_ecumenical_altar_hall, minmay_rat_hole,
          uniq_jessica
D:3:      layout_rooms, portal_sewer_entry_b, dk_noncrumbling_4,
          serial_bayou_ford_a, uniq_ijyb, uniq_natasha

Skill      XL: |  1  2  3  4 |
---------------+-------------+-----
Invocations    | 1 |  1.9
Short Blades   | 1 |  1.7
Long Blades    | 1 |  1.7
Axes           | 1 |  1.7
Polearms       | 1 |  1.7
Staves         | 1 |  1.7
Ranged Weapons | 1 |  1.7
Throwing       | 1 |  1.7
Armour         | 1 |  1.7
Shields        | 1 |  1.7
Unarmed Combat | 1 |  1.7
Spellcasting   | 1 |  1.7
Evocations     | 1 |  1.7
Conjurations   | 1 |  1.3
Hexes          | 1 |  1.3
Summonings     | 1 |  1.3
Necromancy     | 1 |  1.3
Translocations | 1 |  1.3
Transmutations | 1 |  1.3
Fire Magic     | 1 |  1.3
Ice Magic      | 1 |  1.3
Air Magic      | 1 |  1.3
Earth Magic    | 1 |  1.3
Poison Magic   | 1 |  1.3
Fighting       | |  6.7
Maces & Flails | |  6.7
Dodging        | |  6.7
Stealth        | |  4.5

Action                   |  1- 3 |  4- 6 || total
-------------------------+-------+-------++-------
Melee: Quarterstaff      |    39 |   156 ||   195
       Mace              |     5 |       ||     5
       Bite              |     5 |    15 ||    20
Invok: Upheaval          |       |     1 ||     1
 Stab: Sleeping          |     3 |     3 ||     6
Armor: Ring mail         |    12 |    52 ||    64
       Leather armour    |     1 |       ||     1
Dodge: Dodged            |    32 |   101 ||   133
Block: Other             |       |    31 ||    31
